 Dungeon Crawl Stone Soup version 0.32-a0-666-ge8a88695a4 (webtiles) character file.

Game seed: 12173493924483288929

247 CougarLife the Digger (level 6, -1/32 HPs)
             Began as a Gargoyle Earth Elementalist on Mar 9, 2024.
             Slain by a goblin
             ... wielding a +0 club
              (2 damage)
             ... on level 4 of the Dungeon.
             The game lasted 00:03:19 (3004 turns).

CougarLife the Digger (Gargoyle Earth Elementalist) Turns: 3004, Time: 00:03:19

Health: -1/32      AC:  7    Str: 11    XL:     6   Next: 11%
Magic:  2/11       EV: 11    Int: 18    God:
Gold:   57         SH:  0    Dex: 10    Spells: 8/12 levels left

rFire   . . .        g - staff of conjuration
rCold   . . .        (no shield)
rNeg    + . .        a - +0 robe
rPois   ∞            k - +0 helmet
rElec   +            (no cloak)
rCorr   .            (no gloves)
SInv    .            (no boots)
Will    .....        (no amulet)
Stlth   ++           (no ring)
HPRegen 0.25/turn    (no ring)
MPRegen 0.12/turn

%: no passive effects
@: no status effects
A: sickness immunity, AC +4, negative energy resistance 1, electricity
resistance, torment resistance 1, petrification resistance
a: no special abilities


You were on level 4 of the Dungeon.
You visited 1 branch of the dungeon, and saw 4 of its levels.

You collected 213 gold pieces.
You spent 156 gold pieces at shops.

Inventory:

Hand Weapons
 c - the +7 lajatang of Order {silver, rMut}
   (You acquired it on level 3 of the Dungeon)

   rMut:      It protects you from mutation.
Armour
 a - a +0 robe (worn)
 k - a +0 helmet (worn)
Magical Staves
 g - a staff of conjuration (weapon)
Scrolls
 d - 3 scrolls of identify
 f - 2 scrolls of silence
 i - 3 scrolls of revelation
 j - 3 scrolls of vulnerability
 m - a scroll of fear
 o - 2 scrolls of teleportation
 p - a scroll of enchant armour {unknown}
Potions
 b - a potion of magic
 e - a potion of heal wounds {unknown}
 h - 3 potions of curing
 l - a potion of berserk rage {unknown}
 n - a potion of might {unknown}


   Skills:
 - Level 1.5 Dodging
 - Level 2.1 Stealth
 + Level 3.7 Spellcasting
 + Level 3.7 Conjurations
 + Level 5.4 Earth Magic


You had 8 spell levels left.
You knew the following spells:

 Your Spells              Type           Power      Damage    Failure   Level
a - Sandblast             Erth           44%        2d11      1%          1
b - Stone Arrow           Conj/Erth      58%        3d10      7%          3

Your spell library contained the following spells:

 Spells                   Type           Power      Damage    Failure   Level
 Passwall                 Erth           22%        N/A       4%          3
 Brom's Barrelling Bould  Conj/Erth      29%        2d5       22%         4
 Petrify                  Alch/Erth      13%        N/A       45%         4


Dungeon Overview and Level Annotations

Branches:
Dungeon (4/15)
 Temple: D:4-7

Altars:
Gozag

Shops:
D:3 ?[


Innate Abilities, Weirdness & Mutations

You are immune to sickness and miasma.
Your stone body is resilient. (AC +4)
You are immune to poison.
You resist negative energy. (rN+)
You are resistant to electric shocks. (rElec)
You are resistant to unholy torment.
You are immune to petrification.


Message History

The iguana is moderately wounded.
The iguana hisses menacingly.
The iguana closely misses you. The goblin hits you with a +0 club.
Casting: Sandblast (safe; 1% risk of failure)
Confirm with . or Enter, or press ? or * to list all spells.
Aiming: Sandblast (safe; 1% risk of failure)
Press: ? - help, Shift-Dir - straight line, f/p - iguana
Aim: an iguana (moderately wounded, 85% to hit)
The blast of sand hits the iguana.
The iguana is heavily wounded.
The iguana barely misses you. The goblin barely misses you.
The goblin closely misses you.
The iguana bites you but does no damage.
Casting: Sandblast (safe; 1% risk of failure)
Confirm with . or Enter, or press ? or * to list all spells.
Aiming: Sandblast (safe; 1% risk of failure)
Press: ? - help, Shift-Dir - straight line, f/p - iguana
Aim: an iguana (heavily wounded, 85% to hit)
The blast of sand hits the iguana.
The iguana is severely wounded.
The goblin closely misses you. The iguana bites you!
* * * LOW HITPOINT WARNING * * *
Casting: Sandblast (safe; 1% risk of failure)
Confirm with . or Enter, or press ? or * to list all spells.
Aiming: Sandblast (safe; 1% risk of failure)
Press: ? - help, Shift-Dir - straight line, f/p - iguana
Aim: an iguana (severely wounded, 85% to hit)
The blast of sand hits the iguana.
The iguana is almost dead.
The iguana closely misses you. The goblin barely misses you. x2
The iguana barely misses you.
Casting: Sandblast (safe; 1% risk of failure)
Confirm with . or Enter, or press ? or * to list all spells.
Aiming: Sandblast (safe; 1% risk of failure)
Press: ? - help, Shift-Dir - straight line, f/p - iguana
Aim: an iguana (almost dead, 85% to hit)
The blast of sand misses the iguana.
The iguana bites you.
* * * LOW HITPOINT WARNING * * *
The goblin hits you with a +0 club.
You die...

...............
...............
...............
................
?..................
.......................
.........(...lg........
.............@.........
.......................
.......................
.......................
...............).......
.......................
########.....######....
#.....#.†.......
#.......##......


You could see an iguana and a goblin.

Vanquished Creatures
  A scorpion (D:4)
  An orc wizard (D:3)
  8 adders
  2 dart slugs
  6 orcs
  4 bats
  10 endoplasms
  5 giant cockroaches
  8 goblins
  6 hobgoblins
  2 jackals (D:2)
  A quokka (D:3)
  9 ball pythons
  3 frilled lizards
  9 kobolds
  8 rats
83 creatures vanquished.

Notes
Turn   | Place    | Note
-------+----------+-------------------------------------------
     0 | D:1      | CougarLife the Gargoyle Earth Elementalist began the quest
                  | for the Orb.
     0 | D:1      | Reached XP level 1. HP: 10/10 MP: 3/3
   279 | D:1      | Reached XP level 2. HP: 15/15 MP: 0/5
   480 | D:1      | Reached skill level 4 in Earth Magic
   856 | D:2      | Reached XP level 3. HP: 14/19 MP: 1/6
  1239 | D:2      | Reached XP level 4. HP: 19/24 MP: 3/8
  1961 | D:3      | Found an opulent altar of Gozag.
  1993 | D:3      | Found Gairy's Armour Shoppe.
  2123 | D:3      | Found Fusiekaq's Magic Scroll Emporium.
  2129 | D:3      | Reached XP level 5. HP: 28/28 MP: 6/9
  2216 | D:3      | Bought 2 scrolls of identify for 52 gold pieces
  2216 | D:3      | Bought 2 scrolls of identify for 52 gold pieces
  2216 | D:3      | Bought a scroll of identify for 26 gold pieces
  2216 | D:3      | Bought a scroll of identify for 26 gold pieces
  2258 | D:3      | Reached skill level 5 in Earth Magic
  2777 | D:3      | Identified a scroll of acquirement
  2779 | D:3      | Acquired the +7 lajatang of Order {silver, rMut}
  2779 | D:3      | Found the +7 lajatang of Order {silver, rMut}
  2820 | D:4      | Reached XP level 6. HP: 32/32 MP: 7/11
  2948 | D:4      | Learned a level 3 spell: Stone Arrow
  3004 | D:4      | HP: 1/32 [iguana (6)]
  3004 | D:4      | Slain by a goblin

Illustrated notes

Levels and vault maps discovered:
D:1:      amcnicky_arrival_double_pillar, layout_rooms
D:2:      minmay_general_purpose_star, layout_basic, st_stairs_4,
          nicolae_concentric_dashed_squares_mild
D:3:      minmay_skewed_foursquare, layout_loops_ring,
          nicolae_gozag_seed_capital, serial_shops, shop, nicolae_shop_crystal,
          hangedman_abyss_or_decor_lesser_grid, grunt_ministairs_10
D:4:      layout_basic, slow_altar_1, pdpol_wu_jian_five_deadly_venoms,
          minmay_temple_entry_enclosed_plants, nicolae_custom_books

Skill      XL: |  1  2  3  4  5 |
---------------+----------------+-----
Earth Magic    | 4 5 |  5.4
Conjurations   | 2 3 |  3.7
Spellcasting   | 3 |  3.7
Dodging        | |  1.5
Stealth        | |  2.1

Action                     |  1- 3 |  4- 6 || total
---------------------------+-------+-------++-------
  Melee: Unarmed           |     1 |       ||     1
         Staff             |     9 |    17 ||    26
   Cast: Sandblast         |    47 |    67 ||   114
    Use: Scroll            |       |     8 ||     8
 Armour: Robe              |    29 |    39 ||    68
  Dodge: Dodged            |    30 |    42 ||    72

Table legend: (Time is in decaauts)
 A = Elapsed time spent in this place.
 B = Non-inter-level travel time spent in this place.
 C = Inter-level travel time spent in this place.
 D = Time resting spent in this place.
 E = Time spent auto-exploring this place.
 F = Levels seen in this place.
 G = Mean time per level.
                   A        B        C        D        E       F      G
               +--------+--------+--------+--------+--------+-----+--------+
         Total |   3064 |   2967 |     97 |    252 |   2234 |   4 |  766.0 |
       Dungeon |   3064 |   2967 |     97 |    252 |   2234 |   4 |  766.0 |
               +--------+--------+--------+--------+--------+-----+--------+

Top non-repeatable levels by time:
     D:2: 1137 daAuts
     D:3: 1125 daAuts
     D:1: 605 daAuts
     D:4: 196 daAuts
